 Dungeon Crawl Stone Soup version 0.30.1-11-g7821555f0a (webtiles) character file.

Game seed: 8783377581347219434

63 monsoonserge the Grasshopper (level 3, -1/27 HPs)
             Began as a Demonspawn Warper on Dec 10, 2023.
             Slain by an orc
             ... wielding a +0 flail
              (8 damage)
             ... on level 3 of the Dungeon.
             The game lasted 00:03:11 (1447 turns).

monsoonserge the Grasshopper (Demonspawn Warper)    Turns: 1447, Time: 00:03:12

Health: -1/27      AC:  4    Str: 11    XL:     3   Next: 89%
Magic:  6/6        EV: 12    Int: 16    God:
Gold:   61         SH:  0    Dex: 12    Spells: 6/6 levels left

rFire   . . .        a - +0 mace
rCold   . . .        (no shield)
rNeg    . . .        h - +0 leather armour
rPois   .            j - +0 helmet
rElec   .            (no cloak)
rCorr   .            (no gloves)
SInv    .            (no boots)
Will    .....        (no amulet)
Stlth   +            (no ring)
HPRegen 0.24/turn    (no ring)
MPRegen 0.10/turn

%: no passive effects
@: no status effects
A: ignite blood 2
a: no special abilities


You were on level 3 of the Dungeon.
You visited 1 branch of the dungeon, and saw 3 of its levels.

You collected 61 gold pieces.

Inventory:

Hand Weapons
 a - a +0 mace (weapon)
 e - a +0 falchion
Missiles
 b - 5 poisoned darts (quivered)
 d - 7 boomerangs of dispersal
Armour
 h - a +0 leather armour (worn)
 j - a +0 helmet (worn)
Scrolls
 c - a scroll of blinking
 f - a scroll of identify {unknown}
 g - 2 scrolls of enchant weapon {unknown}
 k - 2 scrolls of magic mapping {unknown}
Potions
 i - 2 potions of lignification {unknown}


   Skills:
 + Level 2.2 Fighting
 + Level 2.5 Maces & Flails
 + Level 0.8 Throwing
 + Level 1.6 Armour
 + Level 2.5 Dodging
 + Level 0.3 Stealth
 - Level 2.0 Spellcasting
 - Level 3.0 Translocations


You had 6 spell levels left.
You didn't know any spells.
Your spell library contained the following spells:

 Spells                   Type           Power      Damage    Failure   Level
 Blink                    Tloc           22%        N/A       12%         2
 Lesser Beckoning         Tloc           22%        N/A       12%         2
 Teleport Other           Tloc           11%        N/A       24%         3
 Vhi's Electric Charge    Tloc/Air       12%        N/A       41%         3
 Manifold Assault         Tloc           11%        N/A       61%         4


Dungeon Overview and Level Annotations

Branches:
Dungeon (3/15)

Altars:
Uskayaw


Innate Abilities, Weirdness & Mutations

Your demonic aura often causes spilled blood to erupt in flames.


Message History

You see here a +0 sling.
Done exploring.
Done exploring.
There is a stone staircase leading down here.
You climb downwards.
Found 2 scrolls labelled FUALAS NETROS.
There is a stone staircase leading up here.
k - 2 scrolls labelled FUALAS NETROS
There are no items here.
Found a stone staircase leading up.
An orc comes into view. It is wielding a +0 flail.
Found 16 gold pieces.
The orc shouts!
Found a club.
You see here 4 gold pieces.
You now have 61 gold pieces (gained 4).
A worm comes into view.
The orc barely misses you.
You hit the orc but do no damage. The orc hits you with a +0 flail.
You hit the orc but do no damage. The orc misses you.
You closely miss the orc. The orc closely misses you.
You barely miss the orc. The orc completely misses you.
The orc hits you with a +0 flail!
You hit the orc but do no damage. The orc hits you with a +0 flail.
You barely miss the orc. The orc barely misses you.
You hit the orc.
The orc is lightly wounded.
The orc barely misses you.
A rat comes into view.
You hit the orc.
The orc is moderately wounded.
The orc barely misses you. The worm bites you.
The orc hits you with a +0 flail. The orc completely misses you.
You barely miss the orc.
The orc is moderately wounded.
The orc hits you with a +0 flail.
* * * LOW HITPOINT WARNING * * *
The orc attacks as you move away! The orc hits you with a +0 flail!
You die...

####..<.###########
....................
#######.###...###.
#.#...###
#######...###
.........#####.#
.######.......<
#....####
########o@#.....
........w#####..
.##.......# #
#.......#
......r.....#
...##.......... .)
..........##
##$........#
##.......##


You could see a worm, an orc and a rat.

Vanquished Creatures
  An adder (D:2)
  3 dart slugs (D:2)
  6 endoplasms
  4 giant cockroaches (D:1)
  5 goblins
  3 hobgoblins
  2 jackals (D:1)
  2 quokkas (D:1)
  2 ball pythons
  4 bats (D:1)
  4 frilled lizards
  5 kobolds
  4 rats
45 creatures vanquished.

Notes
Turn   | Place    | Note
-------+----------+-------------------------------------------
     0 | D:1      | monsoonserge the Demonspawn Warper began the quest for the
                  | Orb.
     0 | D:1      | Reached XP level 1. HP: 16/16 MP: 3/3
    44 | D:1      | Gained mutation: Your demonic aura sometimes causes spilled
                  | blood to erupt in flames. [demonic ancestry]
    44 | D:1      | Reached XP level 2. HP: 15/22 MP: 5/5
    47 | D:1      | Reached skill level 3 in Translocations
   143 | D:1      | Reached skill level 1 in Armour
   382 | D:1      | Found a faded altar of an unknown god.
   469 | D:1      | HP: 1/22 [quokka (2)]
   471 | D:1      | Gained mutation: Your demonic aura often causes spilled
                  | blood to erupt in flames. [demonic ancestry]
   471 | D:1      | Reached XP level 3. HP: 1/27 MP: 6/6
  1118 | D:2      | Found a hide-covered altar of Uskayaw.
  1447 | D:3      | Slain by an orc

Illustrated notes

Levels and vault maps discovered:
D:1:      dpeg_arrival_pits, layout_basic, hellmonk_ecumenical_altar_lost_god
D:2:      layout_loops_ring, basic_altar, minmay_misc_feat_diagonals
D:3:      layout_rooms, grunt_dithmenos_smoke, uniq_jessica, uniq_terence,
          uniq_crazy_yiuf_cottage, uniq_ijyb

Skill      XL: |  1  2 |
---------------+-------+-----
Dodging        | 2 |  2.5
Maces & Flails | 2 |  2.5
Translocations | 3 |  3.0
Armour         | 1 |  1.6
Fighting       | |  2.2
Throwing       | |  0.8
Stealth        | |  0.3
Spellcasting   | |  2.0

Action                     || total
---------------------------++-------
  Melee: Mace              ||   154
   Stab: Sleeping          ||     2
 Armour: Leather armour    ||    46
  Dodge: Dodged            ||   132
